Map: 中心协议

Players

Scherzo

  • Race: Zerg Zerg
  • League: Diamond

shengy - Winner!

  • Race: Zerg Zerg
  • League: Platinum

VOD

Have the link to the VOD?

Description

Time

  • Played on: Jan. 1, 2016, 12:42 a.m.
  • Length: 10:37
Show
View Real Time Build Order
Export as new Build Order

Scherzo Zerg 

Build Orders: Hatch First 

Get SALT Encoding   

  12  0:01  Drone  
  13  0:08  Drone  
  14  0:47  Hatchery  
  14  0:49  Overlord  
  13  0:51  Drone  
  14  1:06  Spawning Pool  
  14  1:09  Drone  
  14  1:15  Drone  
  14  1:17  Drone  
  16  1:23  Drone  
  17  1:37  Drone  
  18  1:51  Drone  
  19  1:55  Spine Crawler  
  19  1:56  Spine Crawler  
  19  2:00  Spine Crawler  
  16  2:03  Spine Crawler, Drone  
  16  2:07  Drone  
  17  2:11  Drone  
  18  2:15  Drone  
  18  2:20  Drone  
  20  2:30  Queen  
  22  2:41  Queen  
  24  2:50  Drone x3  
  27  2:53  Drone  
  27  2:57  Extractor x2  
  26  3:04  Zergling x4  
  28  3:08  Evolution Chamber  
  28  3:11  Overlord  
  27  3:26  Drone  
  28  3:30  Drone x3  
  28  3:31  Drone  
  28  3:33  Drone  
  33  3:44  Drone x2  
  33  3:45  Drone x2  
  36  3:56  Roach Warren  
  36  3:57  Drone  
  36  4:03  Overlord  
  36  4:08  Zerg Ground Armor Level 1  
  36  4:13  Overlord  
  36  4:20  Queen  
  36  4:23  Overlord  
  38  4:28  Drone x2  
  40  4:31  Zergling x2  
  40  4:32  Zergling x2  
  40  4:34  Drone  
  36  4:53  Drone x5  
  36  4:54  Drone x2  
  36  4:58  Drone  
  44  5:02  Drone  
  45  5:07  Evolution Chamber  
  45  5:10  Drone  
  45  5:17  Burrow  
  45  5:23  Extractor, Drone x5  
  45  5:25  Extractor  
  48  5:33  Zerg Missile Weapons Level 1  
  48  5:41  Roach  
  50  5:46  Roach  
  50  5:47  Roach x2  
  56  5:50  Zergling x2  
  56  5:51  Hatchery  
  56  5:52  Metabolic Boost  
  56  6:03  Overlord  
  56  6:06  Overlord  
  56  6:15  Overlord x2  
  56  6:24  Roach x2  
  60  6:34  Ravager x3  
  60  6:39  Drone x4  
  67  6:43  Lair  
  67  6:45  Overlord  
  66  6:48  Roach x4  
  66  6:50  Roach  
  75  6:58  Overlord  
  75  7:01  Overlord  
  74  7:04  Ravager x3  
  74  7:05  Roach  
  74  7:07  Roach  
  80  7:10  Roach  
  80  7:14  Zergling x2  
  83  7:24  Spine Crawler x2, Roach x2  
  83  7:28  Roach  
  83  7:29  Drone  
  88  7:34  Roach  
  90  7:38  Drone  
  90  7:40  Zergling x2  
  92  7:50  Roach x4  
  97  7:58  Roach x3  
  92  8:05  Roach x2  
  87  8:11  Roach x6  
  87  8:12  Roach  
  89  8:19  Overlord, Roach  
  91  8:24  Zergling x4  
  91  8:26  Hydralisk Den  
  92  8:33  Glial Reconstitution  
  76  8:44  Drone x4  
  76  8:52  Ravager  
  76  8:53  Zergling x2, Ravager x5  
  76  8:54  Zergling x8  
  85  8:59  Drone  
  85  9:02  Drone  
  87  9:03  Pneumatized Carapace  
  87  9:14  Spine Crawler x2  
  76  9:35  Spine Crawler x2  
  76  9:37  Spine Crawler  
  59  9:46  Zergling x2  
  59  9:47  Zergling x16  
  49  10:05  Zergling x8  
  49  10:06  Zergling x2  
Show
View Real Time Build Order
Export as new Build Order

shengy Zerg - Winner!

Build Orders: Pool First 

Get SALT Encoding   

  12  0:01  Drone  
  13  0:12  Drone  
  14  0:16  Overlord  
  14  0:32  Extractor  
  14  0:33  Drone  
  14  0:35  Drone x2  
  17  0:44  Drone  
  18  0:52  Spawning Pool  
  18  0:57  Extractor, Drone  
  17  1:06  Drone  
  18  1:38  Hatchery  
  17  1:49  Zergling x6  
  17  1:51  Queen  
  22  2:06  Overlord  
  22  2:25  Drone  
  22  2:26  Drone  
  24  2:33  Lair  
  24  2:35  Drone  
  25  2:45  Drone  
  25  2:51  Drone  
  27  2:53  Queen  
  27  2:58  Drone  
  30  3:05  Extractor  
  29  3:07  Drone x4, Roach Warren  
  32  3:14  Drone  
  32  3:15  Drone  
  34  3:23  Drone  
  35  3:30  Baneling Nest  
  35  3:31  Zergling x2  
  35  3:32  Zergling x2  
  36  3:34  Overlord  
  36  3:50  Glial Reconstitution  
  36  3:52  Overlord  
  36  3:54  Drone x4  
  40  3:59  Extractor  
  39  4:04  Drone  
  39  4:05  Drone  
  41  4:11  Overlord  
  41  4:15  Baneling x4  
  41  4:16  Baneling x2  
  41  4:19  Drone x2  
  41  4:20  Drone  
  41  4:23  Drone  
  44  4:43  Roach x4  
  44  4:44  Roach  
  52  4:50  Overlord  
  52  4:51  Overlord  
  52  4:57  Metabolic Boost  
  52  5:02  Evolution Chamber  
  52  5:03  Overlord  
  52  5:06  Drone  
  52  5:07  Extractor  
  52  5:08  Overlord  
  52  5:10  Drone x2  
  52  5:12  Overlord  
  53  5:18  Baneling x2  
  53  5:22  Ravager x4  
  53  5:24  Ravager  
  58  5:34  Overlord  
  58  5:42  Roach x5  
  70  5:43  Roach  
  70  5:47  Overseer  
  70  6:07  Roach x7  
  84  6:19  Baneling  
  84  6:20  Baneling  
  84  6:23  Drone  
  84  6:24  Drone x3  
  88  6:26  Zerg Missile Weapons Level 1  
  88  6:29  Zergling x2  
  88  6:30  Evolution Chamber, Zergling x4  
  90  6:35  Zergling x4  
  92  6:49  Overlord  
  92  7:10  Zergling x8  
  92  7:11  Zergling x4  
  92  7:14  Overlord x2  
  98  7:18  Hydralisk Den, Drone  
  98  7:26  Zerg Ground Armor Level 1, Overlord  
  98  7:30  Overseer  
  96  7:40  Extractor  
  96  7:42  Hatchery  
  96  7:44  Extractor  
  88  8:10  Roach  
  88  8:11  Roach x10  
  108  8:16  Drone x3  
  108  8:17  Drone  
  108  8:18  Lurker Den  
  111  8:45  Zergling x6  
  111  8:46  Zergling x10  
  120  9:10  Queen, Zergling x8  
  120  9:14  Drone x3  
  120  9:15  Drone x2  
  89  10:00  Roach  
  89  10:01  Roach x14  
  107  10:19  Zergling x12  
Tags
 
Add a new tag
Caveats
  • Supply blocks, unpowered buildings, or Contaminate may cause inaccurate times.
  • Supply counts are checked every 10 seconds.